 Dungeon Crawl Stone Soup version 0.28.0-47-ge53b351184 (console) character file.

Game seed: 6232341342034348640

16546 Cab the Severer (level 12, -8/80 HPs)
             Began as a Demonspawn Fighter on May 4, 2022.
             Was a Believer of Hepliaklqana.
             Shot with an arrow by a centaur warrior (23 damage)
             ... on level 11 of the Dungeon.
             The game lasted 00:51:49 (11473 turns).

Cab the Severer (Demonspawn Fighter)               Turns: 11473, Time: 00:51:49

Health: -8/80      AC: 15    Str: 21    XL:     12   Next: 11%
Magic:  12/12      EV: 13    Int:  9    God:    Hepliaklqana [**....]
Gold:   699        SH:  4    Dex: 14    Spells: 11/11 levels left

rFire   + . .      SeeInvis .   b - +1 broad axe (drain)
rCold   + . .      Faith    .   c - +0 buckler
rNeg    + . .      Spirit   .   p - +1 chain mail {rF+}
rPois   .          Reflect  .   (helmet restricted)
rElec   .          Harm     .   r - +2 cloak
rCorr   .          Rampage  .   (no gloves)
Will    .....                   n - +1 pair of boots of Waubuc Joly {rC+}
Stlth   ..........              (no amulet)
HPRegen 0.23/turn               h - +4 ring of evasion
MPRegen 0.13/turn               l - ring of positive energy

@: studying Axes
A: reduced essence, antennae 2, foul stench 1, spiny 1, sturdy frame 3
a: Renounce Religion, Recall Ancestor, Ancestor Identity


You were on level 11 of the Dungeon.
You worshipped Hepliaklqana.
Hepliaklqana was pleased with you.
You visited 2 branches of the dungeon, and saw 12 of its levels.
You also visited: Ice Cave.

You collected 699 gold pieces.

Inventory:

Hand Weapons
 b - a +1 broad axe of draining (weapon)
Missiles
 j - 6 curare-tipped darts
 u - a throwing net (quivered)
Armour
 c - a +0 buckler (worn)
 k - a scarf of shadows
 n - the +1 pair of boots of Waubuc Joly (worn) {rC+}
   (You found it on level 6 of the Dungeon)

   rC:        It protects you from cold.
 p - a +1 chain mail of fire resistance (worn)
 r - a +2 cloak (worn)
 w - a +0 cloak of preservation
Jewellery
 e - a ring of resist corrosion
 h - a +4 ring of evasion (left hand)
 l - a ring of positive energy (right hand)
Wands
 x - a wand of digging (7)
 y - a wand of polymorph (7)
 A - a wand of paralysis (3)
 D - a wand of iceblast (4)
Scrolls
 a - a scroll of enchant armour
 f - 3 scrolls of fear
 i - 2 scrolls of blinking
 o - 2 scrolls of amnesia
 q - a scroll of teleportation
 s - 3 scrolls of fog
 C - a scroll of silence {unknown}
Potions
 d - a potion of heal wounds
 g - 5 potions of curing
 m - a potion of haste
 t - a potion of cancellation {unknown}
 v - 2 potions of brilliance {unknown}
 z - a potion of might
 B - a potion of resistance


   Skills:
 + Level 6.4 Fighting
 * Level 18.1 Axes
 - Level 2.4 Throwing
 + Level 4.2 Armour
 - Level 2.6 Shields


You had 11 spell levels left.
You didn't know any spells.
Your spell library contained the following spells:

 Spells                   Type           Power      Damage    Failure   Level
 Animate Skeleton         Necr           0%         N/A       75%         1
 Pain                     Necr           0%         1d4       75%         1
 Shock                    Conj/Air       0%         1d3       75%         1
 Slow                     Hex            0%         N/A       75%         1
 Sting                    Tmut/Pois      0%         1d3       75%         1
 Poisonous Vapours        Pois/Air       0%         N/A       87%         2
 Static Discharge         Conj/Air       0%         N/A       87%         2
 Confusing Touch          Hex            0%         N/A       98%         3
 Conjure Flame            Conj/Fire      0%         6-21      98%         3
 Gell's Gravitas          Tloc           0%         N/A       98%         3
 Ignite Poison            Fire/Tmut/Pois 0%         N/A       98%         3
 Lesser Beckoning         Tloc           0%         N/A       98%         3
 Swiftness                Air            0%         N/A       98%         3
 Teleport Other           Tloc           0%         N/A       98%         3
 Vampiric Draining        Necr           0%         2d6       98%         3
 Airstrike                Air            0%         N/A       100%        4
 Animate Armour           Summ/Erth      0%         N/A       100%        4
 Animate Dead             Necr           0%         N/A       100%        4
 Leda's Liquefaction      Hex/Erth       0%         N/A       100%        4
 Olgreb's Toxic Radiance  Pois           0%         N/A       100%        4
 Sticky Flame             Conj/Fire      0%         2d3       100%        4
 Blade Hands              Tmut           0%         N/A       100%        5
 Lee's Rapid Deconstruct  Erth           0%         3d5*      100%        5
 Lightning Bolt           Conj/Air       0%         1d11      100%        5
 Iron Shot                Conj/Erth      0%         9d1       100%        6
 Statue Form              Tmut/Erth      0%         N/A       100%        6
 Haunt                    Necr/Summ      0%         N/A       100%        7
 Borgnjor's Revivificati  Necr           0%         N/A       100%        8
 Infestation              Necr           0%         N/A       100%        8
 Maxwell's Capacitive Co  Air            0%         ∞         100%        8
 Necromutation            Tmut/Necr      0%         N/A       100%        8
 Death's Door             Necr           0%         N/A       100%        9


Dungeon Overview and Level Annotations

Branches:
Dungeon (11/15)            Temple (1/1) D:7            Lair (0/6) D:11
    Orc (0/2) D:11          IceCv (visited)

Altars:
Ashenzari
Cheibriados
Dithmenos
Elyvilon
Fedhas
Gozag
Hepliaklqana
Kikubaaqudgha
Makhleb
Nemelex Xobeh
Okawaru
Qazlal
Ru
Sif Muna
Trog
Uskayaw
Vehumet
Wu Jian
Xom
Yredelemnul
Zin
The Shining One

Shops:
D:1 :   D:7 =


Innate Abilities, Weirdness & Mutations

Your life essence is reduced to manifest your ancestor. (-10% HP)
You have a pair of antennae on your head.
You may rarely emit foul miasma when damaged in melee.
You are partially covered in sharp spines.
Your movements are significantly less encumbered by armour. (ER -6)


Message History

The arrow barely misses you.
The arrow closely misses Beldrama.
A cyclops comes into view.
The centaur warrior shoots an arrow.
The arrow hits you!
Beldrama hits the orc knight with a +0 flail.
You see here 17 gold pieces.
The centaur warrior shoots an arrow.
The arrow hits Beldrama!
Something hits Beldrama!
Press: ? - help, v - describe, . - travel
Here: an orc knight, wielding a +1 great sword of flaming and wearing a +0 plate armour (lightly wounded, ally target)
The floor.
Found a scroll of enchant weapon.
The centaur warrior shoots an arrow.
The arrow hits Beldrama!
The centaur warrior shoots an arrow.
Beldrama blocks the arrow.
You hear a roar!
The centaur warrior shoots an arrow.
The arrow hits Beldrama but does no damage.
You hear a roar!
Something hits Beldrama.
Something kicks Beldrama but does no damage.
Press: ? - help, v - describe, . - travel
Here: an orc knight, wielding a +1 great sword of flaming and wearing a +0 plate armour (lightly wounded, ally target)
The floor.
The centaur warrior wields a +0 shortbow.
The centaur warrior shoots an arrow.
The arrow hits Beldrama!
The centaur warrior shoots an arrow.
The arrow hits Beldrama!
Beldrama is destroyed!
Okay, then.
Unknown command.
Press: ? - help, v - describe, . - travel
Here: an orc knight, wielding a +1 great sword of flaming and wearing a +0 plate armour The floor.
Unknown command.
The centaur warrior shoots an arrow.
The arrow hits you!
The centaur warrior shoots an arrow.
The arrow barely misses you.
The centaur warrior shoots an arrow.
The arrow closely misses you.
The centaur warrior shoots an arrow.
The arrow hits you but does no damage.
The centaur warrior shoots an arrow.
The arrow hits you!!
* * * LOW HITPOINT WARNING * * *
The centaur warrior shoots an arrow.
The arrow hits you!!
You die...

∙∙▒∙∙∙∙∙∙∙∙∙∙∙∙∙∙∙∙∙∙▒∙∙▒∙▒∙∙▒∙∙c
∙▒∙∙∙∙∙∙∙∙∙∙∙∙∙∙∙∙∙∙∙▒▒▒▒∙▒▒▒▒∙{∙
∙▒∙∙∙∙∙∙∙∙∙∙∙∙▒▒▒∙∙∙∙∙∙∙∙∙∙▒▒▒∙∙▒
∙∙▒∙∙∙∙∙∙▒(∙∙∙▒▒∙∙∙∙∙∙∙∙∙∙∙∙▒▒∙∙∙
∙∙▒∙∙∙∙∙▒▒▒∙∙∙∙▒∙∙∙∙∙∙∙∙∙∙∙▒▒∙∙∙∙
∙∙▒∙∙∙∙▒▒ ▒∙∙▒∙∙∙∙∙∙∙c∙∙∙∙∙∙∙∙∙∙∙
∙∙▒∙∙▒∙▒▒ ▒∙▒▒∙∙∙∙∙∙∙∙∙∙∙▒▒▒!∙∙∙▒
∙∙∙∙∙▒∙∙▒▒▒∙▒▒▒▒∙∙∙∙∙∙∙∙∙▒▒▒∙∙∙∙▒
▒∙∙∙∙▒∙∙∙∙▒∙▒▒∙∙@o∙∙∙∙∙∙∙∙∙∙∙∙∙∙▒
▒∙▒∙<▒▒▒∙∙∙∙▒∙∙▒▒▒▒∙∙∙∙∙∙∙∙∙∙>∙∙∙
∙∙▒▒∙∙∙∙∙∙∙∙∙∙∙▒ ▒▒∙∙∙∙∙∙▒▒∙∙∙∙∙∙
▒∙▒▒▒▒▒▒▒∙▒∙∙∙∙▒▒▒∙∙∙∙∙∙∙▒▒∙∙∙∙∙∙
∙∙▒▒▒∙∙∙∙∙▒∙∙∙∙∙▒▒∙∙∙∙∙∙∙▒∙∙∙∙∙∙∙
▒∙∙∙∙∙∙∙∙∙∙∙∙∙∙∙∙▒▒▒▒▒▒▒▒▒∙▒∙∙∙∙∙
▒▒∙∙∙∙∙∙∙∙∙∙∙∙∙∙∙▒▒PPPPP▒▒∙∙∙▒▒∙∙
▒▒▒▒∙∙∙∙∙▒▒∙∙∙∙∙∙▒∙∙PPPPP▒∙∙∙∙▒∙∙
▒▒∙∙∙∙∙∙▒▒▒∙∙∙∙∙∙▒∙∙P∙∙∙P▒∙∙∙∙∙▒▒


You could see an orc knight and a centaur warrior.

Vanquished Creatures
  An ice dragon (D:11)
  2 two-headed ogres
  Sonja (D:11)
  Pikel (D:6)
  An orc sorcerer (D:7)
  3 polar bears (D:11)
  2 trolls (D:10)
  2 hornets (D:8)
  6 dream sheep (D:10)
  4 shadows
  2 wraiths
  Sigmund (D:2)
  12 yaks
  5 wyverns
  Eustachio (D:6)
  A steam dragon (D:8)
  Edmund (D:4)
  3 water moccasins
  Duvessa (D:7)
  An acid dragon (D:10)
  6 orc warriors
  A black bear (D:8)
  2 ice beasts
  A sky beast (D:6)
  A necrophage (D:5)
  6 ogres
  3 centaurs
  3 kobold brigands
  3 bullfrogs
  2 gnoll sergeants (D:8)
  A jelly (D:6)
  3 scorpions
  A water moccasin zombie (D:5)
  A wyvern skeleton (D:7)
  A water moccasin skeleton (D:3)
  Dowan (D:7)
  4 killer bees (D:7)
  7 wights
  5 howler monkeys
  3 komodo dragon simulacra (IceCv)
  2 centaur zombies
  A bullfrog skeleton (D:5)
  4 hounds
  2 orc priests (D:8)
  A centaur skeleton (D:7)
  2 iguanas (D:5)
  5 orc wizards
  Terence (D:2)
  Natasha (thrice) (D:2)
  A hound zombie (D:5)
  A howler monkey zombie (D:9)
  8 adders
  7 gnolls (D:4)
  An acid dragon simulacrum (IceCv)
  2 shadow imps
  3 white imps
  2 adder skeletons
  A worm (D:2)
  2 dart slugs (D:1)
  29 orcs
  7 ball pythons
  3 bats
  5 endoplasms (D:4)
  A giant cockroach (D:1)
  5 goblins
  4 hobgoblins
  3 jackals (D:3)
  3 quokkas
  3 frilled lizards
  20 kobolds
  5 rats
243 creatures vanquished.

Vanquished Creatures (collateral kills)
  A two-headed ogre (D:10)
  A komodo dragon (D:11)
  A troll (D:10)
  A dream sheep (D:10)
  A yak (D:10)
  A lindwurm simulacrum (IceCv)
  A komodo dragon simulacrum (IceCv)
  An acid dragon simulacrum (IceCv)
  A white imp (D:8)
  2 steam dragon simulacra (IceCv)
  An orc (D:9)
12 creatures vanquished.

Vanquished Creatures (others)
  A rime drake (IceCv)
  A knight (D:11)
  A hound (D:5)
  2 demonic plants (D:1)
  16 fungi
  5 plants
  A withered plant (D:1)
27 creatures vanquished.

Grand Total: 282 creatures vanquished

Notes
Turn   | Place    | Note
-------+----------+-------------------------------------------
     0 | D:1      | Cab the Demonspawn Fighter began the quest for the Orb.
     0 | D:1      | Reached XP level 1. HP: 18/18 MP: 1/1
    93 | D:1      | Reached skill level 2 in Axes
   102 | D:1      | Found Guwaiv's Book Emporium.
   384 | D:1      | Gained mutation: You may rarely emit foul miasma when
                  | damaged in melee. [demonic ancestry]
   384 | D:1      | Reached XP level 2. HP: 18/24 MP: 2/2
   512 | D:1      | Found a faded altar of an unknown god.
  1148 | D:2      | Noticed Natasha
  1150 | D:2      | Noticed a crimson imp
  1152 | D:2      | Noticed a crimson imp
  1153 | D:2      | Killed Natasha
  1154 | D:2      | Reached skill level 3 in Axes
  1154 | D:2      | Reached XP level 3. HP: 23/29 MP: 3/3
  1270 | D:2      | Noticed Terence
  1283 | D:2      | Killed Terence
  1284 | D:2      | Reached skill level 4 in Axes
  1284 | D:2      | Gained mutation: You have a pair of small antennae on your
                  | head. [demonic ancestry]
  1284 | D:2      | Reached XP level 4. HP: 18/35 MP: 4/4
  1607 | D:2      | Noticed Natasha
  1614 | D:2      | Killed Natasha
  1869 | D:2      | Noticed Sigmund
  1892 | D:2      | Killed Sigmund
  1893 | D:2      | Reached skill level 5 in Axes
  1893 | D:2      | Reached XP level 5. HP: 24/41 MP: 5/5
  2116 | D:2      | Gained mutation: You have a pair of antennae on your head.
                  | [demonic ancestry]
  2116 | D:2      | Reached XP level 6. HP: 38/47 MP: 6/6
  2177 | D:2      | Noticed Natasha
  2187 | D:2      | Killed Natasha
  2188 | D:2      | Reached skill level 6 in Axes
  2693 | D:3      | Found a sacrificial altar of Ru.
  3192 | D:5      | Entered Level 5 of the Dungeon
  3419 | D:5      | Reached skill level 7 in Axes
  3419 | D:5      | Gained mutation: Your movements are slightly less
                  | encumbered by armour. (ER -2) [demonic ancestry]
  3419 | D:5      | Reached XP level 7. HP: 39/52 MP: 7/7
  3462 | D:5      | Found a shimmering altar of Xom.
  3505 | D:5      | Reached skill level 8 in Axes
  3567 | D:4      | Identified the +8 quarterstaff of Ymuupt {flame, Int+7}
  3789 | D:4      | Gained mutation: Your movements are less encumbered by
                  | armour. (ER -4) [demonic ancestry]
  3789 | D:4      | Reached XP level 8. HP: 52/58 MP: 8/8
  3818 | D:4      | Reached skill level 9 in Axes
  4180 | D:4      | Noticed Edmund
  4195 | D:4      | Killed Edmund
  4916 | D:5      | Reached skill level 10 in Axes
  5032 | D:6      | Noticed Eustachio
  5046 | D:6      | Killed Eustachio
  5197 | D:6      | Noticed Pikel
  5213 | D:6      | Killed Pikel
  5214 | D:6      | Reached skill level 11 in Axes
  5214 | D:6      | Reached skill level 1 in Throwing
  5214 | D:6      | Reached XP level 9. HP: 21/63 MP: 9/9
  5526 | D:6      | Reached skill level 12 in Axes
  5670 | D:6      | Identified the +1 pair of boots of Waubuc Joly {rC+}
  5801 | D:6      | Found a shimmering blue altar of Sif Muna.
  6469 | D:6      | Found an ornate altar of the Wu Jian Council.
  6512 | D:6      | Reached skill level 13 in Axes
  6512 | D:6      | Gained mutation: You are partially covered in sharp spines.
                  | [demonic ancestry]
  6512 | D:6      | Reached XP level 10. HP: 70/70 MP: 10/10
  6539 | D:7      | Noticed Duvessa
  6542 | D:7      | Noticed Dowan
  6549 | D:7      | Killed Duvessa
  6560 | D:7      | Killed Dowan
  6602 | D:7      | Noticed an orc sorcerer
  6652 | D:7      | Noticed an orange demon
  6658 | D:7      | Killed an orc sorcerer
  6947 | D:7      | Found Karumipt's Jewellery Shop.
  7002 | D:7      | Found a staircase to the Ecumenical Temple.
  7011 | Temple   | Entered the Ecumenical Temple
  7088 | Temple   | Became a worshipper of Hepliaklqana the Forgotten
  7368 | D:7      | Reached skill level 14 in Axes
  8065 | D:8      | Reached * piety under Hepliaklqana
  8576 | D:9      | Found a shadowy altar of Dithmenos.
  8779 | D:9      | Found a basalt altar of Yredelemnul.
  8819 | D:9      | Gained mutation: Your movements are significantly less
                  | encumbered by armour. (ER -6) [demonic ancestry]
  8819 | D:9      | Reached XP level 11. HP: 63/70 MP: 11/11
  8906 | D:9      | Found a blossoming altar of Fedhas.
  9211 | D:9      | Reached skill level 15 in Axes
  9342 | D:10     | Entered Level 10 of the Dungeon
  9425 | D:10     | Reached ** piety under Hepliaklqana
  9426 | D:10     | Remembered your ancestor Beldrama as a knight
  9451 | D:10     | Reached skill level 5 in Fighting
  9521 | D:10     | Identified a scroll of acquirement
  9521 | D:10     | Acquired a manual of Axes
  9795 | D:10     | Reached skill level 16 in Axes
  9818 | D:10     | Found the +5 robe of Night {Dark Will+ SInv}
  9990 | D:10     | Noticed a two-headed ogre
  9993 | D:10     | Noticed a two-headed ogre
  9997 | D:10     | Killed a two-headed ogre
 10001 | D:10     | Killed a two-headed ogre
 10201 | D:10     | Found a bloodstained altar of Trog.
 10321 | D:11     | Noticed a two-headed ogre
 10329 | D:11     | Killed a two-headed ogre
 10330 | D:11     | Reached skill level 17 in Axes
 10600 | D:11     | Found a staircase to the Orcish Mines.
 10614 | D:11     | Found a staircase to the Lair.
 10620 | D:11     | Noticed Sonja
 10640 | D:11     | Killed Sonja
 10942 | D:11     | Found a frozen archway.
 10946 | D:11     | Noticed an ice dragon
 10983 | D:11     | Killed an ice dragon
 10984 | D:11     | Reached XP level 12. HP: 57/79 MP: 12/12
 10996 | IceCv    | Entered an ice cave
 11005 | IceCv    | Reached skill level 18 in Axes
 11441 | D:11     | Noticed a centaur warrior
 11473 | D:11     | Shot with an arrow by a centaur warrior

Illustrated notes

Levels and vault maps discovered:
D:1:      heliophobic_arrival_dark_side_of_the_moon, layout_basic,
          shapermc_ecumenical_altar_gd, serial_shops,
          nicolae_shop_hallway_stairs, roderic_lattice_a
D:2:      layout_basic, uniq_terence, uniq_sigmund, uniq_natasha
D:3:      layout_rooms, mainiacjoe_overflow_tiny_flanked, grunt_ministairs_2
D:4:      layout_gridville, uniq_edmund
D:5:      layout_loops_ring, xom_confusion_cloud, serial_aquarium,
          aquarium_bridge_square [aquarium_subvault_wall,
          aquarium_subvault_bridge, aquarium_subvault_window,
          aquarium_subvault_window], aquarium_window_2, aquarium_window_fake,
          aquarium_view_2c, aquarium_view_2d, aquarium_balcony_3a,
          aquarium_pool_four, chequers_serial_rivers_micro_b,
          chequers_decorated_corner
D:6:      layout_gridville, general_overflow_altar, lemuel_tele_altar,
          minmay_three_doors, uniq_eustachio, uniq_pikel
D:7:      cheibrodos_wizards_tower, layout_rooms, minmay_temple_entry_junction,
          serial_shops, kennysheep_little_box, grunt_ministairs_13,
          kennysheep_generic_room_12, uniq_duvessa
D:8:      layout_gridville, st_stairs_1
D:9:      layout_roguey, marbit_many_paths, mainiacjoe_overflow_cross_hatched,
          lemuel_round_altar
D:10:     layout_basic, lightli_temple_of_fire, hellmonk_guarded_unrand_night
D:11:     minmay_blocky_corners, layout_cave_pools, david_lair_shrubbed,
          orc_0_dummy, portal_ice_cave_entry_animals_and_master,
          kennysheep_kite_vault, uniq_sonja
Temple:   nicolae_temple_great_sept

Skill      XL: |  1  2  3  4  5  6  7  8  9 10 11 12 |
---------------+-------------------------------------+-----
Axes           | 2 3 4 5 7 8 11 13 14 17 18 | 18.1
Throwing       | 1 2 |  2.4
Fighting       | 4 6 |  6.4
Armour         | 4 |  4.2
Shields        | |  2.6

Action                   |  1- 3 |  4- 6 |  7- 9 | 10-12 || total
-------------------------+-------+-------+-------+-------++-------
Melee: War axe           |    67 |   159 |   230 |   161 ||   617
       Broad axe         |       |       |       |   223 ||   223
Throw: Dart              |       |       |    13 |    11 ||    24
       Throwing net      |       |       |       |     1 ||     1
Invok: Ancestor Identity |       |       |       |     1 ||     1
       Ancestor Life: Kn |       |       |       |     1 ||     1
  Use: Potion            |       |     1 |     1 |     2 ||     4
       Scroll            |       |    10 |     6 |     4 ||    20
 Stab: Distracted        |       |       |       |     1 ||     1
Armor: Scale mail        |    29 |    40 |    29 |       ||    98
       Chain mail        |       |       |    40 |   139 ||   179
Dodge: Dodged            |    42 |   115 |   148 |   151 ||   456
Block: Buckler           |    12 |    42 |    43 |    79 ||   176
